 Dungeon Crawl Stone Soup version 0.16-a0-3724-gf14d081 (webtiles) character file.

99 vatarom the Ruffian (level 4, 0/40 HPs)
             Began as a Naga Transmuter on Jan 21, 2015.
             Was a Follower of Cheibriados.
             Slain by a river rat (4 damage)
             ... in a sewer.
             The game lasted 00:08:12 (2085 turns).

vatarom the Ruffian (Naga Transmuter)               Turns: 2085, Time: 00:08:13

Health: 0/40       AC:  3    Str: 15    XL:     4   Next: 72%
Magic:  1/7        EV: 10    Int: 16    God:    Cheibriados [*.....]
Gold:   136        SH:  0    Dex: 13    Spells: 3 memorised, 1 level left

rFire  . . .     SeeInvis +       - Unarmed
rCold  + . .     Clarity  .     c - +1 robe
rNeg   + . .     SustAb   .     (no shield)
rPois  +         Gourm    .     (helmet restricted)
rElec  .         Spirit   .     (no cloak)
rCorr  .         Warding  +     (no gloves)
rMut   .         Stasis   .     (no barding)
MR     .....                    f - amulet of warding
Stlth  +.........               (no ring)
                                h - ring of protection from cold

@: very slightly contaminated, very slow, not resistant to hostile enchantments,
very unstealthy
A: spit poison, horns 1, see invisible, deformed body, poison resistance,
slowness 2, MP-powered wands 1, AC +1
a: Spit Poison, Bend Time, Renounce Religion


You were in a sewer.
You worshipped Cheibriados.
Cheibriados was aware of your devotion.
You were hungry.

You visited 1 branch of the dungeon, and saw 4 of its levels.
You also visited: Sewer.

You collected 136 gold pieces.

Inventory:

Missiles
 b - 12 arrows
 j - 2 javelins (quivered)
Armour
 c - a +1 robe (worn)
Jewellery
 e - an uncursed amulet of regeneration
 f - an amulet of warding (around neck)
 h - a ring of protection from cold (left hand)
Scrolls
 g - 5 scrolls of remove curse
 i - a scroll of enchant armour
 l - 2 scrolls of identify
 m - a scroll of enchant weapon
Books
 d - a book of Changes

   Spells                             Type                      Level
   a - Beastly Appendage              Transmutation                1
   b - Sticks to Snakes               Transmutation                2
   c - Spider Form                    Transmutation/Poison         3
   d - Ice Form                       Ice/Transmutation            4
   e - Blade Hands                    Transmutation                5
Comestibles
 a - 2 bread rations
 k - 2 beef jerkies
 n - a meat ration


   Skills:
 - Level 2.5 Fighting
 - Level 1.5 Dodging
 - Level 4.0 Unarmed Combat
 - Level 2.0 Spellcasting
 + Level 2.9 Transmutations


You had one spell level left.
You knew the following spells:

 Your Spells              Type           Power        Failure   Level  Hunger
a - Beastly Appendage     Trmt           ##....       10%         1    #......
b - Sticks to Snakes      Trmt           ##........   12%         2    ###....
c - Spider Form           Trmt/Pois      #.........   38%         3    ###....


Dungeon Overview and Level Annotations

Branches:
Dungeon (4/15)
 Temple: D:4-7

Altars:
Cheibriados
Kikubaaqudgha
Xom
The Shining One


Innate Abilities, Weirdness & Mutations

You cannot wear boots.
You can spit poison.
Your serpentine skin is tough (AC +1).
You have supernaturally acute eyesight.
Armour fits poorly on your strangely shaped body.
Your system is resistant to poisons.
You cover ground very slowly.
You have a pair of small horns on your head.
You expend magic power (3 MP) to slightly strengthen your wands.


Message History

Your hands feel slithery!
Casting: Sticks to Snakes
Confirm with . or Enter, or press ? or * to list all spells.
You miscast Spider Form.
You are very lightly contaminated with residual magic.
You feel odd. The river rat closely misses you.
Unknown command.
Casting: Spider Form
Confirm with . or Enter, or press ? or * to list all spells.
You miscast Spider Form.
Nothing appears to happen.
You are feeling hungry.
The river rat bites you.
* * * LOW HITPOINT WARNING * * *
Unknown command.
You have got your breath back.
The river rat closely misses you. The river rat closely misses you.
There is a gate leading back out of this place here.
The river rat bites you.
You die... ################# #....@rrr.....≈≈≈ #################

You could see 2 river rats and a rat.

Vanquished Creatures
  4 adders
  A worm (D:3)
  2 giant geckos
  An ooze (D:1)
  A bat skeleton (D:4)
  5 giant cockroaches
  5 hobgoblins
  2 jackals (D:4)
  A quokka (D:2)
  A ball python (D:2)
  5 bats
  7 giant newts
  7 goblins
  7 kobolds
  6 rats
55 creatures vanquished.

Notes
Turn   | Place    | Note
--------------------------------------------------------------
     0 | D:1      | vatarom, the Naga Transmuter, began the quest for the Orb.
     0 | D:1      | Reached XP level 1. HP: 18/18 MP: 3/3
   123 | D:1      | Reached XP level 2. HP: 19/25 MP: 4/4
   385 | D:1      | Learned a level 2 spell: Sticks to Snakes
   626 | D:2      | Reached skill level 4 in Unarmed Combat
   672 | D:2      | Reached XP level 3. HP: 23/31 MP: 4/6
   801 | D:2      | Found a shimmering altar of Xom.
   801 | D:2      | Found a shimmering altar of Xom.
   801 | D:2      | Found a shimmering altar of Xom.
   801 | D:2      | Found a shimmering altar of Xom.
   801 | D:2      | Found a shimmering altar of Xom.
   801 | D:2      | Found a shimmering altar of Xom.
   802 | D:2      | Found a shimmering altar of Xom.
   818 | D:2      | Found an ancient bone altar of Kikubaaqudgha.
   820 | D:2      | Found a glowing golden altar of the Shining One.
   883 | D:2      | Found a snail-covered altar of Cheibriados.
   897 | D:2      | Became a worshipper of Cheibriados the Contemplative
  1235 | D:2      | Reached XP level 4. HP: 32/40 MP: 5/7
  1240 | D:2      | Learned a level 3 spell: Spider Form
  1339 | D:3      | Gained mutation: You expend magic power (3 MP) to slightly strengthen your wands. [potion of mutation]
  1339 | D:3      | Gained mutation: You have a pair of small horns on your head. [potion of mutation]
  2041 | D:4      | Found a glowing drain.
  2071 | Sewer    | Entered a sewer
  2085 | Sewer    | Slain by a river rat

Action                   |  1- 3 |  4- 6 || total
-------------------------+-------+-------++-------
Melee: Unarmed           |   148 |    48 ||   196
 Cast: Beastly Appendage |     7 |       ||     7
 Abil: Spit Poison       |     6 |     4 ||    10
  Use: Scroll            |     6 |     3 ||     9
       Potion            |     1 |     2 ||     3
  Eat: Bread ration      |     1 |       ||     1
